 Dungeon Crawl Stone Soup version 0.21.1-1-g345015f (webtiles) character file.

58 aMcNicky the Sneak (level 3, -2/18 HPs)
             Began as a Spriggan Assassin on Mar 4, 2018.
             Slain by an adder (5 damage)
             ... on level 2 of the Dungeon.
             The game lasted 00:06:02 (2098 turns).

aMcNicky the Sneak (Spriggan Assassin)              Turns: 2098, Time: 00:06:03

Health: -2/18      AC:  3    Str:  7    XL:     3   Next: 76%
Magic:  4/4        EV: 18    Int: 12    God:
Gold:   58         SH:  0    Dex: 18    Spells: 2/2 levels left

rFire    . . .     SeeInvis +   a - +2 dagger
rCold    . . .     Gourm    .   (shield restricted)
rNeg     . . .     Faith    .   c - +0 robe
rPois    .         Spirit   .   (helmet restricted)
rElec    .         Reflect  .   d - +0 cloak
rCorr    .         Harm     .   (gloves unavailable)
MR       .....                  (boots unavailable)
Stlth    ++++......             (no amulet)
HPRegen  0.06/turn              (no ring)
MPRegen  0.09/turn              (no ring)

@: lethally poisoned (-2 -> -10), very quick
A: very small, unfitting armour, see invisible, herbivore, speed 3, slow
metabolism 2
a: no special abilities


You were on level 2 of the Dungeon.
You were not hungry.

You visited 1 branch of the dungeon, and saw 2 of its levels.

You collected 58 gold pieces.

Inventory:

Hand Weapons
 a - a +2 dagger (weapon)
 b - a +0 blowgun
Missiles
 e - 5 poisoned needles (quivered)
 f - 2 curare-tipped needles
 l - 2 needles of frenzy
Armour
 c - a +0 robe (worn)
 d - a +0 cloak (worn)
Jewellery
 q - an uncursed ring of protection from cold {unknown}
Scrolls
 h - 4 scrolls of remove curse {unknown}
 j - a scroll of blinking {unknown}
 k - a scroll of enchant armour {unknown}
 m - a scroll of random uselessness {unknown}
 o - a scroll of immolation {unknown}
 p - a scroll of noise {unknown}
Potions
 i - a potion of degeneration {unknown}
 n - 3 potions of curing {unknown}
 r - a potion of cancellation {unknown}
Comestibles
 g - 2 rations


   Skills:
 + Level 2.0 Fighting
 + Level 2.8 Short Blades
 + Level 2.5 Throwing
 + Level 2.7 Dodging
 + Level 6.4 Stealth


You had 2 spell levels left.
You didn't know any spells.

Dungeon Overview and Level Annotations

Branches:
Dungeon (2/15)

Altars:

Annotations:
D:2 Terence


Innate Abilities, Weirdness & Mutations

You are very small and have problems with some larger weapons.
You are too small for most types of armour.
You have supernaturally acute eyesight. (SInv)
You are a herbivore.
You cover ground extremely quickly.
You need consume almost no food.


Message History

You miss the adder.
The adder is moderately wounded.
You feel sick. The adder misses you.
You are too injured to fight recklessly!
You hit the adder.
The adder is almost dead.
The adder barely misses you.
You closely miss the adder.
The adder is almost dead.
The adder barely misses you.
You closely miss the adder.
The adder is almost dead.
You feel sick. The adder bites you.
* * * LOW HITPOINT WARNING * * *
You are more poisoned.
The adder poisons you!
You hit the adder but do no damage.
The adder is almost dead.
The adder bites you.
You die...

############ ##
#..(.....?.# .#####
#..........# <....##
#..........# .###..##
#..........#
....>....####.....$....#
.#####..........@S...(.#
.# #..###.......?..#
.########...#..........#
...#.....##............#
.........###..........$#
.........##...##########
..†.........#.######
..##.......#.......#
...#.....#.........#


You could see an adder.

Vanquished Creatures
  2 adders (D:2)
  A worm (D:1)
  A dart slug (D:1)
  2 leopard geckos (D:1)
  A giant cockroach (D:2)
  4 goblins
  7 hobgoblins
  5 bats
  A frilled lizard (D:1)
  5 kobolds
  5 rats
34 creatures vanquished.

Notes
Turn   | Place    | Note
-------+----------+-------------------------------------------
     0 | D:1      | aMcNicky the Spriggan Assassin began the quest for the Orb.
     0 | D:1      | Reached XP level 1. HP: 10/10 MP: 2/2
   362 | D:1      | Reached skill level 6 in Stealth
   575 | D:1      | Reached XP level 2. HP: 9/15 MP: 3/3
  1079 | D:2      | Noticed Terence
  1601 | D:2      | Reached XP level 3. HP: 13/18 MP: 4/4
  2098 | D:2      | Slain by an adder

Skill      XL: |  1  2  3 |
---------------+----------+-----
Stealth        | 6 |  6.4
Dodging        | 2 |  2.7
Fighting       | 2 |  2.0
Short Blades   | |  2.8
Throwing       | |  2.5

Action                   || total
-------------------------++-------
Melee: Dagger            ||   135
 Stab: Sleeping          ||    10
Armor: Robe              ||    22
Dodge: Dodged            ||    89
